 Dungeon Crawl Stone Soup version 0.22.0-25-g7663229 (webtiles) character file.

459 corax the Sneak (level 6, -1/27 HPs)
             Began as a Felid Venom Mage on Aug 20, 2018.
             Killed by divine providence
             ... invoked by an orc priest
              (12 damage)
             ... on level 9 of the Dungeon.
             The game lasted 00:25:55 (7643 turns).

corax the Sneak (Felid Venom Mage)                  Turns: 7643, Time: 00:25:56

Health: -1/27      AC:  2    Str:  4    XL:     6   Next: 78%
Magic:  12/12      EV: 20    Int: 22    God:
Gold:   223        SH:  0    Dex: 17    Spells: 8/12 levels left
                                        Lives:  0   Deaths: 2

rFire    . . .     SeeInvis +     - Unarmed
rCold    . . .     Gourm    .   (shield unavailable)
rNeg     . . .     Faith    .   (armour unavailable)
rPois    .         Spirit   .   (helmet unavailable)
rElec    .         Reflect  .   (cloak unavailable)
rCorr    .         Harm     .   (gloves unavailable)
MR       .....                  (boots unavailable)
Stlth    ++++......             (no amulet)
HPRegen  0.09/turn              (no ring)
MPRegen  0.13/turn              k - +4 ring of intelligence

@: quick
A: very small, no armour, no weapons or thrown items, stealth, claws 1, fangs 3,
see invisible, carnivore, speed 1, shaggy fur 2, slow metabolism 1, sharp paws
a: no special abilities


You were on level 9 of the Dungeon.
You were not hungry.

You visited 1 branch of the dungeon, and saw 9 of its levels.

You collected 223 gold pieces.

Inventory:

Jewellery
 e - an uncursed ring of flight
 h - an uncursed amulet of rage
 k - a +4 ring of intelligence (right paw)
 q - an uncursed ring of teleportation
 r - a +2 ring of intelligence
Wands
 c - a wand of disintegration (15)
Scrolls
 a - 3 scrolls of identify
 g - 3 scrolls of remove curse
 t - a scroll of fear
Potions
 i - a potion of agility
 j - a potion of flight
 m - a potion of might {unknown}
 n - a potion of heal wounds {unknown}
 o - a potion of resistance {unknown}
 p - a potion of lignification {unknown}
 s - 2 potions of curing {unknown}
 v - a potion of berserk rage
Comestibles
 b - 15 rations


   Skills:
 + Level 2.8 Fighting
 + Level 5.0 Dodging
 + Level 5.4 Stealth
 + Level 2.9 Unarmed Combat
 + Level 3.5 Spellcasting
 + Level 2.9 Conjurations
 + Level 1.4 Air Magic
 + Level 4.0 Poison Magic
 + Level 2.4 Evocations


You had 8 spell levels left.
You knew the following spells:

 Your Spells              Type           Power        Failure   Level  Hunger
a - Sting                 Conj/Pois      ###.         2%          1    None
b - Mephitic Cloud        Conj/Pois/Air  ###.....     11%         3    ###....

Your spell library contained the following spells:

 Spells                   Type           Power        Failure   Level  Hunger
 Poisonous Vapours        Pois/Air       ###...       6%          2    ##.....
 Animate Skeleton         Necr           N/A          12%         1    None
 Apportation              Tloc           #.....       12%         1    None
 Confusing Touch          Hex            #.....       12%         1    None
 Summon Small Mammal      Summ           #...         12%         1    None
 Olgreb's Toxic Radiance  Pois           ###.....     22%         4    ####...
 Venom Bolt               Conj/Pois      ###.......   61%         5    ######.


Dungeon Overview and Level Annotations

Branches:
Dungeon (9/15)
 Temple: D:4-7         Lair: D:8-11         Orc: D:9-12

Altars:
Cheibriados
Gozag
Nemelex Xobeh
Uskayaw
Wu Jian
Xom
Yredelemnul

Annotations:
D:3 Grinder
D:7 2 runed doors


Innate Abilities, Weirdness & Mutations

You cannot wear armour.
You are incapable of wielding weapons or throwing items.
Your paws allow you to move quietly. (Stealth)
You have sharp claws.
You have razor-sharp teeth.
You have supernaturally acute eyesight. (SInv)
You are carnivorous and can eat meat at any time.
You cover ground quickly.
You are covered in thick fur. (AC +2)
You have a slow metabolism.
Your sharp claws are effective at attacking unaware monsters.


Message History

You scratch the shadow imp.
You kill the shadow imp!
Found a crooked silver wand.
Found a stone staircase leading down.
You now have 223 gold pieces (gained 6).
s - 2 cyan potions (gained 1)
c - a wand of disintegration (15)
There is a stone staircase leading down here.
You climb downwards.
Found a scroll of amnesia.
Found an escape hatch in the floor.
There is a stone staircase leading up here.
An orc comes into view.
The orc shouts!
You hear a shout!
An orc, an orc priest and a centaur come into view.
The orc moves out of view.
The centaur moves out of view.
The orc priest shouts!
The centaur shouts!
You hear a shout!
You hear an angry hiss.
The orc priest calls down the wrath of Beogh upon you.
Beogh smites you!
You die...

..... >...........#
...o. ...........#
.....c ..........#
...... .........#
.....o#####........#
...................#
...................#
......?@.....<.....#
.#######+###########


You could see a centaur, an orc priest and an orc.

Vanquished Creatures
  2 ogres
  2 centaurs
  A big kobold (D:7)
  3 bullfrogs
  A water moccasin skeleton (D:4)
  A howler monkey (D:5)
  An orc wizard (D:5)
  An orc priest (D:6)
  A bullfrog skeleton (D:7)
  2 worker ants
  A hound skeleton (D:4)
  A howler monkey zombie (D:8)
  3 adders
  2 shadow imps
  4 oozes
  An adder zombie (D:8)
  An adder skeleton (D:4)
  4 worms
  2 dart slugs
  4 leopard geckos
  17 orcs
  A ball python (D:1)
  6 bats
  4 giant cockroaches
  5 goblins
  4 hobgoblins
  10 kobolds
  2 quokkas
  6 frilled lizards
  3 rats
96 creatures vanquished.

Notes
Turn   | Place    | Note
-------+----------+-------------------------------------------
     0 | D:1      | corax the Felid Venom Mage began the quest for the Orb.
     0 | D:1      | Reached XP level 1. HP: 7/7 MP: 4/4
   178 | D:1      | Reached skill level 1 in Conjurations
   285 | D:1      | Reached XP level 2. HP: 10/11 MP: 0/6
  1239 | D:2      | Reached XP level 3. HP: 15/15 MP: 2/7
  1849 | D:2      | Found a basalt altar of Yredelemnul.
  2014 | D:2      | Found a sparkling altar of Nemelex Xobeh.
  2017 | D:2      | Found a snail-covered altar of Cheibriados.
  2019 | D:2      | Found an ornate altar of the Wu Jian Council.
  2138 | D:3      | Reached skill level 1 in Fighting
  2396 | D:3      | Found a shimmering altar of Xom.
  2404 | D:3      | Reached skill level 1 in Unarmed Combat
  2404 | D:3      | Reached XP level 4. HP: 19/19 MP: 0/8
  2513 | D:3      | You fall through a shaft!
  2663 | D:4      | Noticed an ogre
  2690 | D:4      | Killed an ogre
  2690 | D:4      | Reached XP level 5. HP: 22/22 MP: 3/10
  3698 | D:3      | Found a shimmering altar of Xom.
  3698 | D:3      | Found a shimmering altar of Xom.
  3699 | D:3      | Found a shimmering altar of Xom.
  3700 | D:3      | Found a shimmering altar of Xom.
  3700 | D:3      | Found a shimmering altar of Xom.
  3701 | D:3      | Found a shimmering altar of Xom.
  3743 | D:3      | Found a faded altar of an unknown god.
  3779 | D:3      | Noticed Grinder
  4532 | D:4      | Gained mutation: You are covered in thick fur. (AC +2) [Felid growth]
  4532 | D:4      | Reached XP level 6. HP: 26/26 MP: 6/11
  4699 | D:5      | Entered Level 5 of the Dungeon
  4922 | D:5      | Reached skill level 1 in Evocations
  5146 | D:5      | Learned a level 3 spell: Mephitic Cloud
  5175 | D:5      | Noticed an ice beast
  5444 | D:5      | Slain by an ice beast
  5445 | D:5      | Reached XP level 5. HP: 0/22 MP: 8/10
  5531 | D:6      | Noticed a centaur
  5537 | D:6      | Killed a centaur
  5537 | D:6      | Reached XP level 6. HP: 23/26 MP: 6/11
  6141 | D:7      | Found a hide-covered altar of Uskayaw.
  6141 | D:7      | Noticed a dagger
  6141 | D:7      | Noticed a dagger
  6160 | D:6      | Noticed a two-headed ogre
  6160 | D:6      | Noticed an ice beast
  6456 | D:7      | Reached skill level 5 in Stealth
  6535 | D:7      | Found a large runed door.
  6536 | D:7      | Found a large runed door.
  6571 | D:8      | Reached skill level 1 in Air Magic
  6571 | D:8      | Reached XP level 7. HP: 30/30 MP: 1/13
  6725 | D:7      | Found an opulent altar of Gozag.
  7373 | D:8      | Killed from afar by a shadow imp
  7374 | D:8      | Reached XP level 6. HP: -7/27 MP: 12/12
  7534 | D:8      | Reached skill level 5 in Dodging
  7643 | D:9      | Killed from afar by an orc priest

Skill      XL: |  1  2  3  4  5  6  7 |
---------------+----------------------+-----
Conjurations   | 1 2 |  2.9
Stealth        | 3 4 5 |  5.4
Poison Magic   | 3 4 |  4.0
Dodging        | 3 5 |  5.0
Fighting       | 1 2 |  2.8
Unarmed Combat | 1 2 |  2.9
Evocations     | 1 2 |  2.4
Spellcasting   | 3 |  3.5
Air Magic      | 1 |  1.4

Action                   |  1- 3 |  4- 6 |  7- 9 || total
-------------------------+-------+-------+-------++-------
Melee: Unarmed           |    52 |   116 |    45 ||   213
       Bite              |     4 |    10 |     3 ||    17
       Punch             |       |     1 |       ||     1
 Cast: Sting             |    84 |   142 |    26 ||   252
       Mephitic Cloud    |       |     2 |     1 ||     3
  Use: Scroll            |       |     9 |     2 ||    11
       Potion            |       |     4 |       ||     4
 Stab: Sleeping          |     1 |     1 |       ||     2
  Eat: Chunk             |     7 |    17 |       ||    24
Armor: Skin              |     3 |     5 |     4 ||    12
Dodge: Dodged            |    46 |   140 |    47 ||   233
